 Dungeon Crawl Stone Soup version 0.23.2 (webtiles) character file.

Game seed: 10521627913528525294

37 DildoBatman the Magician (level 3, 0/24 HPs)
             Began as a Formicid Wizard on Apr 13, 2019.
             Slain by a hobgoblin
             ... wielding a +0 club
              (4 damage)
             ... on level 2 of the Dungeon.
             The game lasted 00:03:11 (856 turns).

DildoBatman the Magician (Formicid Wizard)           Turns: 856, Time: 00:03:11

Health: 0/24       AC:  7    Str: 11    XL:     3   Next: 60%
Magic:  0/7        EV: 12    Int: 18    God:
Gold:   99         SH:  0    Dex:  9    Spells: 1/8 levels left

rFire    . . .     SeeInvis +   c - +0 club
rCold    . . .     Gourm    .   (no shield)
rNeg     . . .     Faith    .   a - +0 robe
rPois    .         Spirit   .   (helmet unavailable)
rElec    .         Reflect  .   l - +2 cloak
rCorr    .         Harm     .   (no gloves)
MR       .....                  (no boots)
Stlth    ++........             n - amulet of inaccuracy (curse)
HPRegen  0.08/turn              k - +2 ring of protection
MPRegen  0.10/turn              (no ring)

@: no status effects
A: permanent stasis, dig shafts and tunnels, four strong arms, antennae 3
a: Dig, Shaft Self


You were on level 2 of the Dungeon.
You were not hungry.

You visited 1 branch of the dungeon, and saw 2 of its levels.

You collected 99 gold pieces.

Inventory:

Hand Weapons
 c - a +0 club (weapon)
Missiles
 h - 46 stones (quivered)
Armour
 a - a +0 robe (worn)
 l - a +2 cloak (worn)
Jewellery
 k - a +2 ring of protection (left hand)
 n - a cursed amulet of inaccuracy (around neck)
Scrolls
 b - 2 scrolls of blinking {unknown}
 e - 2 scrolls of remove curse {unknown}
 f - a scroll of magic mapping {unknown}
 i - a scroll of identify {unknown}
 j - a scroll of enchant weapon {unknown}
 m - a scroll of teleportation {unknown}
Potions
 g - a potion of agility {unknown}
Comestibles
 d - a chunk of flesh
 v - 2 rations


   Skills:
 - Level 1.7 Dodging
 - Level 2.4 Stealth
 - Level 3.2 Spellcasting
 * Level 2.9 Conjurations
   Level 1.0 Summonings
   Level 0.8 Translocations


You had one spell level left.
You knew the following spells:

 Your Spells              Type           Power        Failure   Level  Hunger
a - Conjure Flame         Conj/Fire      #.......     26%         3    ###....
c - Magic Dart            Conj           ##..         4%          1    None
e - Mephitic Cloud        Conj/Pois/Air  #.......     32%         3    ###....

Your spell library contained the following spells:

 Spells                   Type           Power        Failure   Level  Hunger
 Call Imp                 Summ           #.......     16%         2    ##.....
 Slow                     Hex            #.......     24%         2    ##.....
 Blink                    Tloc           Unusable     N/A         2    N/A

Dungeon Overview and Level Annotations

Branches:
Dungeon (2/15)

Altars:


Innate Abilities, Weirdness & Mutations

You cannot be hasted, slowed, berserked, paralysed or teleported.
You can dig through walls and to a lower floor.
Your four strong arms can wield two-handed weapons with a shield.
You have a pair of large antennae on your head. (SInv)


Message History

Casting: Magic Dart (safe; 4% risk of failure)
Confirm with . or Enter, or press ? or * to list all spells.
You don't have enough magic to cast that spell.
You hit the hobgoblin but do no damage. The hobgoblin misses you.
Casting: Magic Dart (safe; 4% risk of failure)
Confirm with . or Enter, or press ? or * to list all spells.
Aiming: Magic Dart (safe; 4% risk of failure)
Press: ? - help, Shift-Dir - straight line, f - hobgoblin
Aim: a hobgoblin, wielding a +0 club The magic dart hits the hobgoblin but does no damage.
The hobgoblin hits you with a +0 club.
You hit the hobgoblin but do no damage.
The hobgoblin hits you but does no damage.
Casting: Magic Dart (safe; 4% risk of failure)
Confirm with . or Enter, or press ? or * to list all spells.
You don't have enough magic to cast that spell.
You closely miss the hobgoblin. The hobgoblin hits you with a +0 club.
You die...

######## #......# ########
#.@)...# #......# #..g<.<#
#......# ##......#
#......######.......###
#.....................#
#........#####......#.##
#..........###......#..#########
###.######.......######..........
....# ###.#####.#########.......


You could see a hobgoblin.

Vanquished Creatures
  An adder (D:1)
  A leopard gecko (D:1)
  5 goblins (D:1)
  2 hobgoblins
  3 jackals (D:2)
  3 kobolds
  2 ball pythons (D:1)
  5 bats
  2 frilled lizards
  2 rats (D:1)
26 creatures vanquished.

Vanquished Creatures (others)
  4 toadstools (D:1)
4 creatures vanquished.

Grand Total: 30 creatures vanquished

Notes
Turn   | Place    | Note
-------+----------+-------------------------------------------
     0 | D:1      | DildoBatman the Formicid Wizard began the quest for the
                  | Orb.
     0 | D:1      | Reached XP level 1. HP: 13/13 MP: 4/4
    20 | D:1      | Reached skill level 1 in Conjurations
   239 | D:1      | Reached XP level 2. HP: 19/19 MP: 3/6
   642 | D:2      | Reached XP level 3. HP: 24/24 MP: 3/7
   647 | D:2      | Learned a level 3 spell: Conjure Flame
   651 | D:2      | Learned a level 3 spell: Mephitic Cloud
   856 | D:2      | Slain by a hobgoblin

Skill      XL: |  1  2 |
---------------+-------+-----
Conjurations   | 1 2 |  2.9
Dodging        | |  1.7
Stealth        | |  2.4
Spellcasting   | |  3.2
Summonings     | |  1.0
Translocations | |  0.8

Action                   || total
-------------------------++-------
Melee: Club              ||    58
 Cast: Magic Dart        ||    40
       Mephitic Cloud    ||     1
 Abil: Dig               ||     5
 Stab: Sleeping          ||     1
  Eat: Chunk             ||     1
Armor: Robe              ||    51
Dodge: Dodged            ||    68
